cohdb
Replays
Latest Replays
All Replays
Popular Replays
Top Player Replays
Match Explorer
How It Works
Community
CoH3 Stats
Reddit
Sign in to upload your games and track your stats! →
Sign in with Steam
Match 43479928
Unlisted
Match 43479928
Overview
Messages
Build Orders
End
Panzerpioneer Squad
250 Light Carrier
Selects Italian Infantry
250 Light Carrier
Construct Light Support Kompanie
Combat Half-tracks
MG34 Team
Selects Defensive Operations
MG34 Team
Fire Support Elements
Pak 38 Anti-tank Gun Team
Panzerjäger Mechanized Group
Selects Prepared Positions
Construct Panzerarmee Kommand
Pak 38 Anti-tank Gun Team
Selects Guastatori Squad
Guastatori Squad
Armored Reserves
2.5-tonne Medical Truck
Emergency Repair Kits
Vehicle Survival Package
Selects Propaganda War
Propaganda War
Tiger Heavy Tank
Rapid Advance
Selects Registered Artillery
Selects Towed Cannone da 105/28 Field Howitzer
Propaganda War
Walking Stuka Rocket Launcher
Panzer IV Assault Group
Propaganda War
Tungsten Core Ammunition
Propaganda War
Walking Stuka Rocket Launcher
Propaganda War
StuG Assault Group
内裤里的恶魔
亦生亦死过去身
威廉114世
英军给我的狗玩都能赢
Brick_man
I SikhWarrior I
[Desi]Padda69
Damacles
0
0
Comments
sign in to comment!
No comments posted yet!